 Dungeon Crawl Stone Soup version 0.16.2-2-g470672f (webtiles) character file.

373 CrazyArbalest the Bolt Thrower (level 6, 0/50 HPs)
             Began as a Centaur Hunter on Aug 22, 2015.
             Hit by a stone thrown by a kobold (2 damage)
             ... on level 4 of the Dungeon.
             The game lasted 00:22:40 (4872 turns).

CrazyArbalest the Bolt Thrower (Centaur Hunter)     Turns: 4872, Time: 00:22:40

Health: 0/50       AC:  5    Str: 21    XL:     6   Next: 43%
Magic:  5/5        EV: 10    Int: 15    God:
Gold:   213        SH:  0    Dex: 10    Spells: 0 memorised, 5 levels left

rFire  + . .     SeeInvis .     a - +0 flail
rCold  + . .     Clarity  .     C - +0 leather armour
rNeg   . . .     SustAb   .     (no shield)
rPois  +         Gourm    .     s - +0 hat
rElec  +         Spirit   .     E - +0 cloak
rCorr  +         Warding  .     (no gloves)
rMut   .         Stasis   .     (no barding)
MR     .....                    (no amulet)
Stlth  +.........               (no ring)
                                (no ring)

@: mighty, brilliant, lethally poisoned (0 -> -2), resistant, very quick, not
resistant to hostile enchantments, very unstealthy
A: hooves 3, horns 1, deformed body, speed 2, tough skin 3
a: no special abilities


You were on level 4 of the Dungeon.
You were not hungry.

You visited 2 branches of the dungeon, and saw 7 of its levels.

You collected 213 gold pieces.

Inventory:

Hand weapons
 a - a +0 flail (weapon)
 b - a +1 hand crossbow
 c - a +0 whip
 d - a +0 hand axe
 y - a +2 antimagic short sword
 G - a +2 dagger of venom
 H - a +0 mace
 I - a +4 club
Missiles
 B - 23 bolts
Armour
 s - a +0 hat (worn)
 C - a +0 leather armour (worn)
 E - a +0 cloak (worn)
 F - a +0 ring mail
Magical devices
 w - a wand of cold (1)
 x - a wand of slowing (20)
Scrolls
 e - 2 scrolls of recharging {unknown}
 g - a scroll of enchant armour {unknown}
 j - 3 scrolls of remove curse {unknown}
 l - a scroll of fear {unknown}
 m - 6 scrolls of teleportation
 n - a scroll of enchant weapon {unknown}
 p - a scroll of amnesia {unknown}
 q - a scroll of magic mapping {unknown}
 u - 4 scrolls of identify {unknown}
 J - a scroll of noise {unknown}
 K - a scroll of random uselessness {unknown}
Potions
 v - a potion of poison
 L - a potion of might
Comestibles
 f - 3 bread rations
 h - a beef jerky
 o - a chunk of flesh
 r - a meat ration


   Skills:
 + Level 2.8 Fighting
 + Level 0.5 Short Blades
 + Level 0.1 Maces & Flails
 * Level 6.9 Crossbows
 + Level 1.7 Armour
 + Level 2.3 Dodging
 + Level 0.6 Stealth
 + Level 0.2 Evocations


You had 5 spell levels left.
You didn't know any spells.

Dungeon Overview and Level Annotations

Branches:
Dungeon (6/15)             Temple (1/1) D:4

Altars:
Fedhas
Gozag
Kikubaaqudgha
Nemelex Xobeh
Zin
The Shining One

Shops:
D:2 *

Annotations:
D:4 Duvessa


Innate Abilities, Weirdness & Mutations

You have hooves in place of feet.
Armour fits poorly on your strangely shaped body.
You cover ground very quickly.
You have extremely tough skin (AC +3).
You have a pair of small horns on your head.


Message History

Drink which item? (? for menu, Esc to quit)
It was a potion of brilliance.
You feel clever all of a sudden.
Drink which item? (? for menu, Esc to quit)
It was a potion of restore abilities.
You feel refreshed.
* * * LOW HITPOINT WARNING * * *
You feel sick.
A kobold comes into view.
Drink which item? (? for menu, Esc to quit)
It was a potion of magic.
Magic courses through your body.
* * * LOW HITPOINT WARNING * * *
You feel sick.
You completely miss the kobold.
* * * LOW HITPOINT WARNING * * *
You feel sick. The kobold hits you but does no damage.
* * * LOW HITPOINT WARNING * * *
You feel sick.
The kobold throws a stone.
The stone closely misses you.
You see here a stone.
The kobold throws a stone.
The stone hits you.
You die...

######...........#P..PP.....## #
#.#########....≈≈≈......#### #
#.### ##♣♣)♣≈♣≈≈♣.♣.....# #
#.#.######P..♣≈≈≈≈.....###.# #
#.........♣.P≈≈≈≈♣.P..P..#.#
######........a..K≈≈♣♣≈..♣..#.#.#
...........##.P....≈♣P..P##.....#
######.#...#####(P..♣.........###
#Z.b..# #@####.#.####.S# #.#a#.#
#.# ###># #..# #.#.#.# #.. ...#
#.S# #.#g#(######## #.a# #.<#
#..o.....# #..# #..# #..8.8.8.#
####..# #..# #(..⌠.⌠..##
#.....#####..#
#..8(>.8..###........##.g#
#...⌠.⌠...>.......##.##..#


You could see a worker ant and a kobold.

Vanquished Creatures
  An ice beast (D:5)
  Dowan (D:4)
  An orc wizard (D:3)
  An iguana (D:5)
  Ijyb (D:5)
  A hound skeleton (D:4)
  2 adders (D:2)
  4 gnolls (D:2)
  A worm (D:3)
  2 giant mites
  3 giant geckos (D:2)
  2 oozes (D:1)
  6 orcs (D:3)
  2 giant cockroaches
  12 goblins
  3 hobgoblins
  6 jackals
  2 ball pythons (D:1)
  11 bats
  7 giant newts
  12 kobolds
  A quokka skeleton (D:4)
  7 rats
89 creatures vanquished.

Notes
Turn   | Place    | Note
--------------------------------------------------------------
     0 | D:1      | CrazyArbalest, the Centaur Hunter, began the quest for the Orb.
     0 | D:1      | Reached XP level 1. HP: 17/17 MP: 1/1
   484 | D:1      | Reached XP level 2. HP: 22/24 MP: 2/2
   553 | D:1      | Reached skill level 5 in Crossbows
   885 | D:1      | Reached XP level 3. HP: 12/29 MP: 3/3
  1625 | D:2      | Found Zin's Purification Station.
  1627 | D:2      | Found a glowing silver altar of Zin.
  1874 | D:2      | Reached XP level 4. HP: 35/37 MP: 3/3
  2671 | D:2      | Reached skill level 1 in Armour
  3246 | D:3      | Reached XP level 5. HP: 29/42 MP: 4/4
  3547 | D:3      | Found a sparkling altar of Nemelex Xobeh.
  3615 | D:3      | You fall through a shaft for 3 floors!
  3624 | D:5      | Entered Level 5 of the Dungeon
  3632 | D:5      | Reached skill level 6 in Crossbows
  3692 | D:5      | Noticed Ijyb
  3700 | D:5      | Killed Ijyb
  3816 | D:5      | Noticed an ice beast
  3928 | D:5      | Killed an ice beast
  3928 | D:5      | Reached XP level 6. HP: 25/50 MP: 5/5
  4104 | D:4      | Found a staircase to the Ecumenical Temple.
  4193 | D:4      | Noticed Dowan
  4210 | D:4      | Killed Dowan
  4240 | D:4      | Noticed Duvessa
  4243 | Temple   | Entered the Ecumenical Temple
  4497 | D:3      | HP: 1/50 [orc/steel tomahawk (2)]
  4506 | D:3      | HP: 1/50 [bat (1)]
  4821 | D:4      | Found a glowing golden altar of the Shining One.
  4862 | D:4      | Gained mutation: You have a pair of small horns on your head. [potion of beneficial mutation]
  4871 | D:4      | HP: 2/50 [poisoned by a worker ant]
  4872 | D:4      | Hit by a stone thrown by a kobold

Action                   |  1- 3 |  4- 6 || total
-------------------------+-------+-------++-------
Melee: Short sword       |   178 |       ||   178
       Whip              |     3 |    66 ||    69
       Flail             |       |    49 ||    49
 Fire: Hand crossbow     |     5 |    86 ||    91
Evoke: Wand              |       |     1 ||     1
  Use: Potion            |       |     9 ||     9
       Scroll            |       |     1 ||     1
  Eat: Chunk             |     2 |     8 ||    10
